 Dungeon Sprint DCSS version 0.17-a0-1741-gd5e8965 (webtiles) character file.

7000000 ztt the Plane Walker (level 27, -22/273 HPs)
             Began as a Ghoul Warper on Aug 31, 2015.
             Was the Champion of Makhleb.
             Annihilated by a meat berserker
             ... wielding a +9 battleaxe
              (33 damage)
             ... in the Dungeon (Sprint VIII: "Arena of Blood").
             The game lasted 00:01:35 (70 turns).

ztt the Plane Walker (Ghoul Warper)                   Turns: 70, Time: 00:01:35

Health: -22/273    AC:  6    Str: 19    XL:     27
Magic:  18/53      EV: 32    Int:  8    God:    Makhleb [******]
Gold:   0          SH:  0    Dex: 17    Spells: 1 memorised, 79 levels left

rFire  . . .     SeeInvis +     l - +∞ Axe of Woe
rCold  + . .     Clarity  .     b - +0 leather armour
rNeg   + + +     SustAt   .     (no shield)
rPois  ∞         Gourm    .     (no helmet)
rElec  .         Spirit   .     (no cloak)
rCorr  .         Warding  .     (no gloves)
rMut   .         NoTele   +     (no boots)
MR     ++...                    (no amulet)
Stlth  +++++++++.               (no ring)
                                m - ring of see invisible

@: rotting, very resistant to hostile enchantments, incredibly stealthy
A: rotting body, claws 1, carnivore 3, cold resistance 1, negative energy
resistance 3, slow healing 1, torment resistance, unbreathing
a: Minor Destruction, Lesser Servant of Makhleb, Major Destruction, Greater
Servant of Makhleb, Renounce Religion


You were in the Dungeon.
You worshipped Makhleb.
Makhleb was exalted by your worship.
You were not hungry.

You visited 1 branch

Inventory:

Hand weapons
 a - a +0 hand axe
 l - the +∞ Axe of Woe (weapon)
   (You found it in the Dungeon)
Missiles
 e - 5 tomahawks of dispersal (quivered)
Armour
 b - a +0 leather armour (worn)
Jewellery
 m - a ring of see invisible (left claw)
Scrolls
 d - 2 scrolls of blinking
Potions
 g - a potion of curing
 h - a potion of heal wounds
 i - a potion of haste
 j - 2 potions of magic
 k - a potion of berserk rage
Books
 c - a book of Spatial Translocations

   Spells                             Type                      Level
   a - Apportation                    Translocation                1
   b - Blink                          Translocation                2
   c - Shroud of Golubria             Charms/Translocation         2
   d - Portal Projectile              Translocation                3
   e - Teleport Other                 Translocation                3
   f - Passage of Golubria            Translocation                4
Comestibles
 f - a meat ration


   Skills:
 O Level 27 Fighting
 O Level 27 Axes
 O Level 27 Throwing
 O Level 27 Armour
 O Level 27 Dodging
 O Level 27 Stealth
 O Level 27 Unarmed Combat
 O Level 27 Spellcasting
 O Level 27 Translocations
 O Level 27 Invocations


You had 79 spell levels left.
You knew the following spells:

 Your Spells              Type           Power        Failure   Level  Hunger
a - Apportation           Tloc           ######....   0%          1    None


Dungeon Overview and Level Annotations

Branches:
Dungeon (1/1)

Altars:
Makhleb


Innate Abilities, Weirdness & Mutations

Your body is rotting away.
You thrive on raw meat.
You are immune to poison.
You have sharp fingernails.
You are carnivorous and can eat meat at any time.
Your flesh is cold resistant.
You are immune to negative energy.
You heal slowly when monsters are visible.
You are immune to unholy pain and torment.
You can survive without breathing.


Message History

You hear a shout!
The dread appears out of thin air!
A dread comes into view.
The accursed casts a spell at you. Something smites you!
You hear a shout!
The accursed hits you!
The sculptor of flesh is engulfed in roaring flames.
The sculptor of flesh hits you with a +9 great sword!!!!
You hear a shout!
The accursed points at you and mumbles some strange words.
Something smites you!
* * * LOW HITPOINT WARNING * * *
You hear a shout!
The destroyer is engulfed in roaring flames.
The destroyer hits you with a +9 great sword of slicing!!!
* * * LOW HITPOINT WARNING * * *
x2 The destroyer bites you but does no damage.
The meat berserker hits you with a +9 battleaxe!!
You die...

........).). ...
..........)... §..
#.#.....§....§%...
...#.#.#..V....%.)).%.
...#o#.....#....))..# ..
..VMV......M.§.)...#
.... #.o..MV%##.#.......
.....##oz§%.§...%%..)...
#....@O####)...#)....#
####MVW§)M).§.........
####.M)..%.........
####....%.......
#############


You could see 5 accurseds, 5 destroyers, a sculptor of flesh, a dread
(wandering), a meat berserker (berserk) and 3 bags of meat.

Vanquished Creatures
  A hell beast (D)
  A greater mummy (D)
  7 vampire knights (D)
  14 ogres (D)
  35 orcs (D)
  4 hill giants (D)
  3 skeletal warriors (D)
  2 small abominations (D)
  2 crawling corpses (D)
69 creatures vanquished.

Vanquished Creatures (others)
  2 crawling corpses (D)
2 creatures vanquished.

Grand Total: 71 creatures vanquished

Notes
Turn   | Place    | Note
--------------------------------------------------------------
     0 | D        | ztt the Ghoul Warper began the quest for the Orb.
     0 | D        | Reached XP level 1. HP: 17/17 MP: 2/2
     4 | D        | Noticed a bag of meat
     4 | D        | Became a worshipper of Makhleb the Destroyer
     5 | D        | Noticed a meat berserker
     6 | D        | Noticed a bag of meat
     6 | D        | Killed a meat berserker
     6 | D        | Reached skill level 13 in Fighting
     6 | D        | Reached skill level 20 in Translocations
     6 | D        | Reached XP level 2. HP: 20/44 MP: 2/14
     6 | D        | Reached XP level 3. HP: 22/50 MP: 2/15
     6 | D        | Reached XP level 4. HP: 25/58 MP: 2/17
     6 | D        | Reached XP level 5. HP: 27/64 MP: 2/18
     6 | D        | Reached XP level 6. HP: 30/72 MP: 2/20
     6 | D        | Reached XP level 7. HP: 32/79 MP: 2/21
     6 | D        | Reached XP level 8. HP: 34/86 MP: 2/23
     6 | D        | Reached XP level 9. HP: 36/93 MP: 2/24
     6 | D        | Reached XP level 10. HP: 39/101 MP: 2/25
     6 | D        | Reached XP level 11. HP: 41/107 MP: 2/26
     6 | D        | Reached XP level 12. HP: 44/115 MP: 2/27
     6 | D        | Reached XP level 13. HP: 46/122 MP: 2/28
     7 | D        | Noticed a bag of meat
     7 | D        | Noticed a bag of meat
     8 | D        | Noticed a meat berserker
     8 | D        | Noticed a bag of meat
     9 | D        | Noticed a meat berserker
     9 | D        | Noticed a bag of meat
     9 | D        | Noticed a bag of meat
     9 | D        | Noticed a meat berserker
     9 | D        | Killed a bag of meat
     9 | D        | Acquired Makhleb's first power
     9 | D        | Reached skill level 21 in Translocations
     9 | D        | Reached XP level 14. HP: 48/133 MP: 2/30
    10 | D        | Noticed a bag of meat
    10 | D        | Noticed a bag of meat
    10 | D        | Noticed a bag of meat
    11 | D        | Noticed a bag of meat
    11 | D        | Noticed a large bag of meat
    11 | D        | Killed a bag of meat
    11 | D        | Reached skill level 15 in Fighting
    11 | D        | Reached skill level 23 in Translocations
    12 | D        | Noticed a meat berserker
    12 | D        | Noticed a bag of meat
    12 | D        | Killed a meat berserker
    12 | D        | Acquired Makhleb's second power
    12 | D        | Reached skill level 15 in Spellcasting
    12 | D        | Reached skill level 25 in Translocations
    12 | D        | Reached XP level 15. HP: 125/146 MP: 3/33
    12 | D        | Killed a bag of meat
    12 | D        | Reached skill level 15 in Axes
    12 | D        | Reached skill level 26 in Translocations
    12 | D        | Reached XP level 16. HP: 154/157 MP: 3/34
    12 | D        | Killed a meat berserker
    12 | D        | Acquired Makhleb's third power
    12 | D        | Reached skill level 5 in Throwing
    12 | D        | Reached skill level 5 in Armour
    12 | D        | Reached skill level 27 in Translocations
    13 | D        | Noticed a bag of meat
    13 | D        | Noticed a bag of meat
    13 | D        | Noticed a meat berserker
    13 | D        | Killed a bag of meat
    13 | D        | Reached XP level 17. HP: 163/172 MP: 4/38
    13 | D        | Killed a bag of meat
    13 | D        | Killed a bag of meat
    13 | D        | Acquired Makhleb's fourth power
    14 | D        | Noticed a bag of meat
    14 | D        | Killed a bag of meat
    14 | D        | Reached XP level 18. HP: 169/188 MP: 4/41
    14 | D        | Killed a meat berserker
    14 | D        | Acquired Makhleb's fifth power
    15 | D        | Noticed a bag of meat
    15 | D        | Killed a meat berserker
    15 | D        | Reached XP level 19. HP: 175/204 MP: 4/44
    15 | D        | Killed a bag of meat
    15 | D        | Killed a bag of meat
    15 | D        | Reached skill level 27 in Fighting
    15 | D        | Reached skill level 10 in Throwing
    15 | D        | Reached skill level 10 in Armour
    16 | D        | Noticed a bag of meat
    16 | D        | Killed a meat berserker
    16 | D        | Reached skill level 27 in Axes
    17 | D        | Noticed a meat berserker
    17 | D        | Noticed a bag of meat
    17 | D        | Killed a large bag of meat
    17 | D        | Reached XP level 20. HP: 216/216 MP: 5/48
    18 | D        | Killed a bag of meat
    19 | D        | Noticed a meat berserker
    19 | D        | Noticed a bag of meat
    20 | D        | Noticed a large bag of meat
    20 | D        | Noticed a bag of meat
    20 | D        | Killed a bag of meat
    20 | D        | Killed a bag of meat
    20 | D        | Reached skill level 27 in Spellcasting
    21 | D        | Noticed a destroyer
    21 | D        | Noticed a bag of meat
    21 | D        | Noticed a bag of meat
    21 | D        | Killed a meat berserker
    21 | D        | Reached skill level 27 in Dodging
    21 | D        | Reached XP level 21. HP: 224/224 MP: 6/51
    22 | D        | Noticed a bag of meat
    23 | D        | Killed a bag of meat
    23 | D        | Killed a bag of meat
    24 | D        | Killed a meat berserker
    25 | D        | Noticed a bag of meat
    25 | D        | Killed a bag of meat
    25 | D        | Killed a bag of meat
    25 | D        | Reached XP level 22. HP: 233/233 MP: 7/52
    26 | D        | Noticed a destroyer
    26 | D        | Killed a bag of meat
    26 | D        | Killed a destroyer
    26 | D        | Reached skill level 27 in Throwing
    26 | D        | Reached skill level 27 in Armour
    27 | D        | Noticed a bag of meat
    28 | D        | Killed a bag of meat
    28 | D        | Reached skill level 10 in Stealth
    28 | D        | Killed a bag of meat
    28 | D        | Reached XP level 23. HP: 240/240 MP: 7/53
    28 | D        | Killed a bag of meat
    28 | D        | Reached skill level 15 in Unarmed Combat
    28 | D        | Reached skill level 15 in Invocations
    28 | D        | Killed a bag of meat
    33 | D        | Killed a bag of meat
    33 | D        | Killed a bag of meat
    34 | D        | Killed a large bag of meat
    36 | D        | Noticed a meat berserker
    37 | D        | Noticed a sculptor of flesh
    37 | D        | Killed a destroyer
    37 | D        | Reached XP level 24. HP: 89/249 MP: 9/53
    37 | D        | Killed a bag of meat
    37 | D        | Reached skill level 27 in Stealth
    39 | D        | Noticed a destroyer
    39 | D        | Noticed a large bag of meat
    40 | D        | Noticed a destroyer
    41 | D        | Killed a meat berserker
    41 | D        | Reached skill level 27 in Unarmed Combat
    41 | D        | Reached skill level 27 in Invocations
    41 | D        | Killed a sculptor of flesh
    43 | D        | Noticed a sculptor of flesh
    45 | D        | Killed a destroyer
    45 | D        | Reached XP level 25. HP: 175/257 MP: 11/53
    46 | D        | Noticed an accursed
    47 | D        | Noticed a destroyer
    48 | D        | Noticed a meat berserker
    49 | D        | Noticed an accursed
    49 | D        | Noticed a destroyer
    49 | D        | Noticed a bag of meat
    49 | D        | Noticed a meat berserker
    50 | D        | Killed a meat berserker
    50 | D        | Killed a large bag of meat
    51 | D        | Noticed a bag of meat
    52 | D        | Noticed a bag of meat
    52 | D        | Noticed an accursed
    52 | D        | Noticed a bag of meat
    52 | D        | Noticed a bag of meat
    52 | D        | Noticed a bag of meat
    52 | D        | Noticed a bag of meat
    52 | D        | Noticed a sculptor of flesh
    53 | D        | Noticed a bag of meat
    53 | D        | Killed a meat berserker
    53 | D        | Killed a destroyer
    53 | D        | Reached XP level 26. HP: 266/266 MP: 14/53
    54 | D        | Noticed a large bag of meat
    55 | D        | Noticed a bag of meat
    55 | D        | Noticed a meat berserker
    55 | D        | Noticed a bag of meat
    55 | D        | Killed a bag of meat
    56 | D        | Noticed a bag of meat
    56 | D        | Killed a destroyer
    56 | D        | Killed a destroyer
    56 | D        | Killed a bag of meat
    57 | D        | Noticed an accursed
    57 | D        | Killed a bag of meat
    57 | D        | Reached XP level 27. HP: 273/273 MP: 15/53
    58 | D        | Noticed an accursed
    58 | D        | Noticed a bag of meat
    58 | D        | Noticed a meat berserker
    59 | D        | Killed a bag of meat
    59 | D        | Killed a bag of meat
    60 | D        | Noticed a destroyer
    60 | D        | Killed a bag of meat
    60 | D        | Killed a bag of meat
    61 | D        | Noticed a meat berserker
    61 | D        | Noticed a meat berserker
    62 | D        | Killed a bag of meat
    62 | D        | Killed a bag of meat
    63 | D        | Killed a sculptor of flesh
    63 | D        | Killed a bag of meat
    64 | D        | Noticed a bag of meat
    64 | D        | Killed a destroyer
    65 | D        | Noticed a meat beast
    65 | D        | Noticed an accursed
    65 | D        | Killed an accursed
    65 | D        | Killed a sculptor of flesh
    65 | D        | Killed a meat berserker
    66 | D        | Noticed a destroyer
    66 | D        | Noticed a destroyer
    67 | D        | Noticed a sculptor of flesh
    67 | D        | Killed a meat berserker
    68 | D        | Killed a bag of meat
    68 | D        | Killed a meat berserker
    68 | D        | Killed a meat beast
    69 | D        | Noticed a destroyer
    69 | D        | Noticed a destroyer
    69 | D        | Noticed a destroyer
    69 | D        | Killed a large bag of meat
    70 | D        | Noticed a bag of meat
    70 | D        | HP: 11/273 [destroyer/+9 great sword of slicing (15)]
    70 | D        | Annihilated by a meat berserker

Vault maps used:
D:        meatsprint

Action                   |  1- 3 |  4- 6 |  7- 9 | 10-12 | 13-15 | 16-18 | 19-21 | 22-24 | 25-27 || total
-------------------------+-------+-------+-------+-------+-------+-------+-------+-------+-------++-------
Melee: Executioner's axe |     1 |       |       |       |     3 |     3 |     8 |     7 |    15 ||    37
 Cast: Apportation       |       |       |       |       |       |       |       |     1 |       ||     1
